 Dungeon Crawl Stone Soup version 0.25-a0-503-ge281fa673e (webtiles) character file.

Game seed: 9671186227378494144, levelgen mode: classic

491 EnegeticOcto the Chopper (level 6, 22/57 HPs)
             Began as a Deep Dwarf Fighter on Feb 13, 2020.
             Quit the game on level 4 of the Dungeon.
             The game lasted 00:01:05 (1137 turns).

EnegeticOcto the Chopper (Deep Dwarf Fighter)       Turns: 1137, Time: 00:01:06

Health: 22/57      AC:  6    Str: 22    XL:     6   Next: 91%
Magic:  3/3        EV:  6    Int:  8    God:
Gold:   95         SH:  7    Dex: 12    Spells: 5/5 levels left

rFire    . . .     SeeInvis .   a - +0 war axe
rCold    . . .     Gourm    .   c - +0 kite shield
rNeg     . . .     Faith    .   b - +0 scale mail
rPois    .         Spirit   .   (no helmet)
rElec    .         Reflect  .   (no cloak)
rCorr    .         Harm     .   (no gloves)
MR       .....                  (no boots)
Stlth    ..........             (no amulet)
HPRegen  0.00/turn              (no ring)
MPRegen  0.08/turn              (no ring)

@: mildly poisoned (22 -> 22), non-regenerating, extremely drained
A: damage resistance, heal wounds, sense surroundings 1, no regeneration
a: Heal Wounds


You were on level 4 of the Dungeon.
You were hungry.

You visited 1 branch of the dungeon, and saw 4 of its levels.

You collected 95 gold pieces.

Inventory:

Hand Weapons
 a - a +0 war axe (weapon)
Missiles
 l - a throwing net (quivered)
Armour
 b - a +0 scale mail (worn)
 c - a +0 kite shield (worn)
Scrolls
 h - 2 scrolls of identify {unknown}
 j - 2 scrolls of fear {unknown}
 m - a scroll of blinking {unknown}
 n - 3 scrolls of remove curse {unknown}
 o - 2 scrolls of teleportation {unknown}
Potions
 d - 2 potions of might {@q3}
 g - a potion of cancellation {unknown}
 i - a potion of curing {unknown}
 k - a potion of magic {unknown}
 p - a potion of ambrosia {unknown}
Comestibles
 e - 3 rations
 f - 8 chunks of flesh


   Skills:
 + Level 3.7(0.0) Fighting
 * Level 5.1(0.0) Axes
 + Level 4.6(0.0) Armour
 + Level 2.8(0.0) Dodging
 + Level 4.5(0.0) Shields


You had 5 spell levels left.
You didn't know any spells.
Your spell library was empty.

Dungeon Overview and Level Annotations

Branches:
Dungeon (4/15)
 Temple: D:4-7

Altars:


Innate Abilities, Weirdness & Mutations

You are resistant to damage.
You can heal yourself by infusing magical energy.
You passively map a small area around you.
You do not regenerate.


Message History

You hit the worker ant.
The worker ant is moderately wounded.
The worker ant barely misses you.
Your shield and scale mail prevent you from hitting the worker ant.
The worker ant is moderately wounded.
You block the worker ant's attack.
The orc wizard begins to cast a cantrip, but forgets the words!
You block the worker ant's attack.
Your shield and scale mail prevent you from hitting the worker ant.
The worker ant is moderately wounded.
The worker ant bites you.
You are poisoned.
The worker ant poisons you! The worker ant barely misses you.
Your shield prevents you from hitting the worker ant.
The worker ant is moderately wounded.
The worker ant bites you.
The worker ant bites you but does no damage.
The orc wizard looks braver for a moment.
Your shield prevents you from hitting the worker ant.
The worker ant is moderately wounded.
The orc wizard mumbles some strange words.
The orc wizard flickers and vanishes!
Deactivating autopickup; reactivate with Ctrl-A.
The worker ant bites you but does no damage. x2
A goblin comes into view.
You hit the worker ant.
The worker ant is severely wounded.
The worker ant bites you but does no damage. x2
You hit the worker ant but do no damage.
The worker ant is severely wounded.
The worker ant completely misses you. The worker ant bites you.
You are more poisoned.
The worker ant poisons you!
You closely miss the worker ant.
The worker ant is severely wounded.
The worker ant barely misses you.
The worker ant bites you but does no damage.
You barely miss the worker ant.
The worker ant is severely wounded.
The worker ant barely misses you. You block the worker ant's attack.
You closely miss the worker ant.
The worker ant is heavily wounded.
You block the worker ant's attack. The worker ant bites you.
You closely miss the worker ant.
The worker ant is heavily wounded.
The worker ant bites you. The worker ant barely misses you.
Your shield and scale mail prevent you from hitting the worker ant.
The worker ant is heavily wounded.
You block the worker ant's attack. The worker ant barely misses you.
You slash the worker ant!
You kill the worker ant!
You barely miss the orc. The orc hits you but does no damage.
You closely miss the orc. You closely miss something.
Something hits you but does no damage. x2; The orc barely misses you.
Something hits you.
You slash the orc!
You kill the orc!
You closely miss something.
Something hits you but does no damage. x2
You completely miss something. Something hits you but does no damage.
Something hits you. Something hits you but does no damage.
You closely miss something. Something hits you but does no damage.
Something hits you.
You miss something. Something hits you but does no damage.
You block something's attack.
You hear some strange, mumbled words.
A puff of frost appears from out of thin air!
The puff of frost hits you.
You miss something. You block something's attack.
Something hits you but does no damage.
Some of the chunks of flesh in your inventory have rotted away.
You closely miss something.
Something hits you but does no damage. x2
You closely miss something. Something hits you.
Something hits you but does no damage. x2
Your shield and scale mail prevent you from hitting something.
You are feeling hungry.
Something hits you but does no damage. Something hits you.
You closely miss something. Something completely misses you.
Something hits you.
You closely miss something.
An orc wizard appears from thin air!
Reactivating autopickup.
You block the orc wizard's attack.
The orc wizard hits you but does no damage.
You miss the orc wizard.
The orc wizard hits you with a +0 dagger.
The orc wizard gestures at you while chanting.
The puff of frost hits you!
You are too injured to fight recklessly!
You are too injured to fight recklessly!
You are too injured to fight recklessly!
You are too injured to fight recklessly!
You are too injured to fight recklessly!
You are too injured to fight recklessly!
You are too injured to fight recklessly!
You are too injured to fight recklessly!
You are too injured to fight recklessly!
You are too injured to fight recklessly!
You are too injured to fight recklessly!
You are too injured to fight recklessly!
You are too injured to fight recklessly!
Are you sure you want to abandon this character and quit the game? (Confirm with "yes".)

##.###.# #.# .# #.#
#.# #.# .# #.###.####
#.###.#### *# * #
#........###.........
....##
#####.##.......#.###*
* #... #.########.#.#
** ** #.## #.#
#...#....# , # *# #.#
#.....#).# , , # #.#
#...#.)@## ,* * * #
#.# ##.###o## * # #.*
#. #g * # * # #o * *
* # #., , , **#., , ,
.. ** * * ##* * * , ,


You could see an orc wizard, an orc and a goblin.

Vanquished Creatures
  3 ogres (D:4)
  A hound (D:4)
  An orc priest (D:4)
  Ijyb (D:4)
  A worker ant (D:4)
  4 gnolls (D:2)
  3 adders (D:2)
  An ooze (D:3)
  An adder skeleton (D:4)
  2 worms
  A leopard gecko (D:2)
  9 orcs
  4 bats
  A giant cockroach (D:2)
  10 goblins
  A hobgoblin (D:1)
  A quokka (D:3)
  2 frilled lizards
  4 kobolds
  2 rats
53 creatures vanquished.

Notes
Turn   | Place    | Note
-------+----------+-------------------------------------------
     0 | D:1      | EnegeticOcto the Deep Dwarf Fighter began the quest for the
                  | Orb.
     0 | D:1      | Reached XP level 1. HP: 20/20 MP: 1/1
   113 | D:1      | Reached XP level 2. HP: 27/27 MP: 2/2
   304 | D:2      | Reached skill level 3 in Axes
   304 | D:2      | Reached skill level 1 in Dodging
   304 | D:2      | Reached XP level 3. HP: 25/33 MP: 3/3
   375 | D:2      | Reached XP level 4. HP: 17/42 MP: 4/4
   375 | D:2      | HP: 1/42 [gnoll/+0 halberd (7)]
   695 | D:4      | Noticed an ogre
   696 | D:4      | Reached XP level 5. HP: 24/49 MP: 3/3
   706 | D:4      | Killed an ogre
   706 | D:4      | Reached skill level 4 in Axes
   783 | D:4      | Noticed an ogre
   795 | D:4      | Killed an ogre
   795 | D:4      | Reached XP level 6. HP: 23/56 MP: 4/4
   959 | D:4      | Reached skill level 5 in Axes
   965 | D:4      | Noticed Ijyb
  1024 | D:4      | Killed Ijyb
  1137 | D:4      | Quit the game

Levels and vault maps discovered:
D:1:      ncdulo_halloftheorcs, layout_basic
D:2:      layout_basic, minmay_3d_cube
D:3:      layout_rooms, demons_altar
D:4:      kennysheep_the_goblin_king, layout_loops_ring

Skill      XL: |  1  2  3  4  5  6 |
---------------+-------------------+-----
Axes           | 3 4 5 |  5.1
Dodging        | 1 2 |  2.8
Fighting       | 3 |  3.7
Armour         | 4 |  4.6
Shields        | 4 |  4.5

Action                   |  1- 3 |  4- 6 || total
-------------------------+-------+-------++-------
Melee: War axe           |    77 |   154 ||   231
 Abil: Heal Wounds       |     1 |    17 ||    18
  Eat: Chunk             |       |     1 ||     1
Armor: Scale mail        |    45 |    39 ||    84
Dodge: Dodged            |    26 |    56 ||    82
Block: Kite shield       |    46 |    62 ||   108

Table legend:
 A = Non-vault XP
 B = Vault XP
 C = Vault XP percentage of total XP
 D = Non-vault monster count
 E = Vault monster count
 F = Vault count percentage of total count
                 A         B        C        D         E       F
            +---------+---------+-------+---------+---------+-------
      Total |     654 |      48 |   6.8 |      46 |       7 |  13.2
            +---------+---------+-------+---------+---------+-------
        D:1 |      13 |       0 |   0.0 |       9 |       0 |   0.0
        D:2 |     118 |       2 |   1.7 |      17 |       1 |   5.6
        D:3 |      12 |       0 |   0.0 |       3 |       0 |   0.0
        D:4 |     511 |      46 |   8.3 |      17 |       6 |  26.1
            +---------+---------+-------+---------+---------+-------
